RES
RANDWICK GREEN SOX @ ERSKINEVILLE PIRATES
05/18/2022
 
TOP OF THE 1ST
Randwick Green Sox batting - Pitching for Erskineville Pirates : LHP Bobbie Quarles
Pitching: LHP Bobbie Quarles
Batting: LHB Rodger Curnow 0-0: Swinging Strike
0-1: Called Strike
0-2: SINGLE (Groundball, 4MD, EV 98.8 MPH)
Batting: RHB Luke Morgan 0-0: Ball
Rodger Curnow is caught stealing 2nd base 2-4
1-0: Swinging Strike
1-1: Ball
2-1: Ball
3-1: Foul Ball, location: 9LMF
3-2: Ground out 4-3 (Groundball, 4, EV 108.1 MPH)
Batting: RHB Bob Ghey 0-0: Called Strike
0-1: Foul Ball, location: 9LDF
0-2: Ball
1-2: Foul Ball, location: 3SF
1-2: Strikes out swinging
Top of the 1st over - 0 runs, 1 hit, 0 errors, 0 left on base; Randwick 0 - Erskineville 0
BOTTOM OF THE 1ST
Erskineville Pirates batting - Pitching for Randwick Green Sox : RHP John Aves
Pitching: RHP John Aves
Batting: RHB Phil Rutgers 0-0: Called Strike
0-1: Ground out 6-3 (Groundball, 6, EV 87.5 MPH)
Batting: RHB Jair Durtnell 0-0: Ball
1-0: Ball
2-0: Called Strike
2-1: Fly out, F7 (Flyball, 78M, EV 89.4 MPH)
Batting: LHB Ken Pym 0-0: Ball
1-0: Ball
2-0: SOLO HOME RUN (Flyball, 7LD, EV 87.5 MPH), Distance : 327 ft
Batting: RHB Trent Palfrey 0-0: Ball
1-0: Ball
2-0: Called Strike
2-1: Foul Ball, location: 2F
2-2: Ball
3-2: Strikes out swinging
Bottom of the 1st over - 1 run, 1 hit, 0 errors, 0 left on base; Randwick 0 - Erskineville 1
TOP OF THE 2ND
Randwick Green Sox batting - Pitching for Erskineville Pirates : LHP Bobbie Quarles
Batting: RHB Derik Fahey 0-0: Called Strike
0-1: Swinging Strike
0-2: Ground out 3-1 (Groundball, 34, EV 97.5 MPH)
Batting: LHB Bob Gurney 0-0: Ball
1-0: Ball
2-0: SINGLE (Groundball, 6D, EV 98.1 MPH)
Batting: RHB Pete Sherrell 0-0: Foul Ball, location: 9LDF
0-1: Called Strike
0-2: Ball
1-2: SINGLE (Groundball, 6MD, EV 110.0 MPH)
Bob Gurney to second
Runner from 2nd tries for 3rd, SAFE, throw by CF made to third
Batting: LHB Tony Tassell 0-0: Ball
1-0: Swinging Strike
1-1: Ball
2-1: Foul Ball, location: 3F
2-2: Ground out 5-3 (Groundball, 5S, EV 64.4 MPH)
Bob Gurney scores
Pete Sherrell to second
Batting: RHB Keefe Lucking 0-0: Fly out, F8 (Flyball, 8LXD, EV 91.9 MPH)
Top of the 2nd over - 1 run, 2 hits, 0 errors, 1 left on base; Randwick 1 - Erskineville 1
BOTTOM OF THE 2ND
Erskineville Pirates batting - Pitching for Randwick Green Sox : RHP John Aves
Batting: LHB Tristen Anslow 0-0: Foul Ball, location: 2F
0-1: Foul Ball, location: 25F
0-2: Ground out U3 (Groundball, 3L, EV 104.4 MPH)
Batting: RHB Orval Cash 0-0: SOLO HOME RUN (Flyball, 9D, EV 95.6 MPH), Distance : 361 ft
Batting: RHB Bernard Theyer 0-0: Ball
1-0: Called Strike
1-1: Foul Ball, location: 2F
1-2: Ball
2-2: Foul Ball, location: 9LMF
2-2: Fly out, F4 (Popup, 4D, EV 55.0 MPH)
Batting: RHB J.C. Excell 0-0: Ball
1-0: Ball
2-0: Ball
3-0: Base on Balls
Batting: LHB Kade Tregear 0-0: Called Strike
0-1: Ground out 4-3 (Groundball, 34, EV 92.5 MPH)
Bottom of the 2nd over - 1 run, 1 hit, 0 errors, 1 left on base; Randwick 1 - Erskineville 2
TOP OF THE 3RD
Randwick Green Sox batting - Pitching for Erskineville Pirates : LHP Bobbie Quarles
Batting: LHB Colin Firman 0-0: Called Strike
0-1: Foul Ball, location: 2F
0-2: Ball
1-2: Ball
2-2: Fly out, F8 (Flyball, 8RD, EV 79.4 MPH)
Batting: LHB Rodger Curnow 0-0: Called Strike
0-1: Ball
1-1: Ball
2-1: SINGLE (Line Drive, 89S, EV 92.5 MPH)
Batting: RHB Luke Morgan Balk!
Rodger Curnow to second
0-0: Ball
1-0: Ball
2-0: Ball
3-0: Called Strike
3-1: Foul Ball, location: 3F
3-2: Foul Ball, location: 5F
3-2: Base on Balls
Batting: RHB Bob Ghey 0-0: Ball
1-0: SINGLE (Line Drive, 9S, EV 100.6 MPH)
Rodger Curnow to third
Luke Morgan to second
Batting: RHB Derik Fahey 0-0: Ball
1-0: Ball
2-0: Foul Ball, location: 2F
2-1: Fly out, F8 (Flyball, 8RD, EV 94.4 MPH)
Runner from 3rd tags up, SCORES, throw by CF
Luke Morgan to third
Batting: LHB Bob Gurney 0-0: Fly out, F2 (Popup, 23F, EV 81.3 MPH)
Top of the 3rd over - 1 run, 2 hits, 0 errors, 2 left on base; Randwick 2 - Erskineville 2
BOTTOM OF THE 3RD
Erskineville Pirates batting - Pitching for Randwick Green Sox : RHP John Aves
Batting: RHB Phil Rutgers 0-0: Ball
1-0: SOLO HOME RUN (Flyball, 7LD, EV 95.0 MPH), Distance : 332 ft
Batting: RHB Jair Durtnell 0-0: Called Strike
0-1: Ball
1-1: Foul Ball, location: 25F
1-2: Ball
2-2: Foul Ball, location: 7LDF
2-2: Foul Ball, location: 5FF
2-2: Strikes out swinging
Batting: LHB Ken Pym 0-0: SINGLE (Line Drive, 8RS, EV 100.0 MPH)
Batting: RHB Trent Palfrey 0-0: Ball
1-0: SINGLE (Line Drive, 5D, EV 103.8 MPH)
Ken Pym to second
Batting: LHB Tristen Anslow 0-0: Called Strike
0-1: Foul Ball, location: 3F
0-2: Foul Ball, location: 2F
0-2: Strikes out swinging
Batting: RHB Orval Cash 0-0: Ball
1-0: Ground out U3 (Groundball, 13, EV 86.3 MPH)
Bottom of the 3rd over - 1 run, 3 hits, 0 errors, 2 left on base; Randwick 2 - Erskineville 3
TOP OF THE 4TH
Randwick Green Sox batting - Pitching for Erskineville Pirates : LHP Bobbie Quarles
Batting: RHB Pete Sherrell 0-0: Called Strike
0-1: Ball
1-1: Ball
2-1: Called Strike
2-2: Strikes out swinging
Batting: LHB Tony Tassell 0-0: Ball
1-0: Ground out 4-3 (Groundball, 4, EV 100.0 MPH)
Batting: RHB Keefe Lucking 0-0: Foul Ball, location: 2RF
0-1: Swinging Strike
0-2: Strikes out swinging
Top of the 4th over - 0 runs, 0 hits, 0 errors, 0 left on base; Randwick 2 - Erskineville 3
BOTTOM OF THE 4TH
Erskineville Pirates batting - Pitching for Randwick Green Sox : RHP John Aves
Batting: RHB Bernard Theyer 0-0: Ball
1-0: Ball
2-0: Foul Ball, location: 2F
2-1: SINGLE (Line Drive, 4MD, EV 98.1 MPH)
Batting: RHB J.C. Excell 0-0: Ball
1-0: Bunt missed!
1-1: Bunted foul
1-2: Ball
2-2: Foul Ball, location: 3SF
2-2: 2-RUN HOME RUN (Flyball, 78XD, EV 106.9 MPH), Distance : 427 ft
Batting: LHB Kade Tregear 0-0: Foul Ball, location: 2F
0-1: Swinging Strike
0-2: SINGLE (Line Drive, 8RS, EV 96.3 MPH)
Batting: RHB Phil Rutgers 0-0: Called Strike
0-1: Ball
1-1: Sac Bunt to 5S - play at first, batter OUT! 5-3
Kade Tregear to second
Batting: RHB Jair Durtnell 0-0: Foul Ball, location: 25FF
0-1: Fly out, F9 (Flyball, 89D, EV 93.1 MPH)
Runner from 2nd tags up, SAFE at 3rd, no throw by RF
Batting: LHB Ken Pym 0-0: Ball
1-0: Ball
2-0: Ball
3-0: Called Strike
3-1: DOUBLE (Flyball, 8LXD, EV 92.5 MPH)
Kade Tregear scores
Batting: RHB Trent Palfrey 0-0: Ball
1-0: Ball
2-0: Foul Ball, location: 5F
2-1: Ball
3-1: Called Strike
3-2: Foul Ball, location: 9LSF
3-2: Ground out 6-3 (Groundball, 6MD, EV 94.4 MPH)
Bottom of the 4th over - 3 runs, 4 hits, 0 errors, 1 left on base; Randwick 2 - Erskineville 6
TOP OF THE 5TH
Randwick Green Sox batting - Pitching for Erskineville Pirates : LHP Bobbie Quarles
Batting: LHB Colin Firman 0-0: Ball
1-0: Ground out 4-3 (Groundball, 4, EV 88.1 MPH)
Batting: LHB Rodger Curnow 0-0: Ball
1-0: Swinging Strike
1-1: Swinging Strike
1-2: Strikes out swinging
Batting: RHB Luke Morgan 0-0: Ball
1-0: Ball
2-0: Swinging Strike
2-1: Called Strike
2-2: Foul Ball, location: 23F
2-2: Ball
3-2: Ground out 4-3 (Groundball, 4, EV 85.0 MPH)
Top of the 5th over - 0 runs, 0 hits, 0 errors, 0 left on base; Randwick 2 - Erskineville 6
BOTTOM OF THE 5TH
Erskineville Pirates batting - Pitching for Randwick Green Sox : RHP John Aves
Batting: LHB Tristen Anslow 0-0: SINGLE (Line Drive, 8RS, EV 104.4 MPH)
Pitching: RHP Keith Gwilt
Batting: RHB Orval Cash 0-0: Fly out, F9 (Flyball, 9, EV 81.3 MPH)
Batting: RHB Bernard Theyer 0-0: Called Strike
0-1: Ball
1-1: Foul Ball, location: 9LMF
1-2: Grounds into double play, 5-4-3 (Groundball, 5, EV 100.6 MPH)
Bottom of the 5th over - 0 runs, 1 hit, 0 errors, 0 left on base; Randwick 2 - Erskineville 6
TOP OF THE 6TH
Randwick Green Sox batting - Pitching for Erskineville Pirates : LHP Bobbie Quarles
Batting: RHB Bob Ghey 0-0: Foul Ball, location: 3FF
0-1: Foul Ball, location: 2F
0-2: Ball
1-2: Ball
2-2: Fly out, F8 (Flyball, 89M, EV 98.8 MPH)
Batting: RHB Derik Fahey 0-0: Ball
1-0: Foul Ball, location: 5FF
1-1: Swinging Strike
1-2: Strikes out swinging
Batting: LHB Bob Gurney 0-0: Ball
1-0: Ground out U3 (Groundball, 34, EV 105.0 MPH)
Top of the 6th over - 0 runs, 0 hits, 0 errors, 0 left on base; Randwick 2 - Erskineville 6
BOTTOM OF THE 6TH
Erskineville Pirates batting - Pitching for Randwick Green Sox : RHP Keith Gwilt
Batting: RHB J.C. Excell 0-0: Called Strike
0-1: Ball
1-1: Ball
2-1: Foul Ball, location: 23F
2-2: Ball
3-2: Base on Balls
Batting: LHB Kade Tregear 0-0: Ball
1-0: Ball
2-0: DOUBLE (Groundball, 5L, EV 102.5 MPH)
J.C. Excell to third
Batting: RHB Phil Rutgers 0-0: Ball
1-0: Swinging Strike
1-1: Foul Ball, location: 9LSFF
1-2: SINGLE (Flyball, 5D, EV 87.5 MPH)
J.C. Excell scores
Kade Tregear to third
Batting: RHB Jair Durtnell 0-0: Called Strike
Phil Rutgers is caught stealing 2nd base 2-4
0-1: Foul Ball, location: 2F
0-2: Ball
Wild Pitch!
Kade Tregear scores
1-2: Ball
2-2: Ball
3-2: Foul Ball, location: 5FF
3-2: Base on Balls
Batting: LHB Ken Pym 0-0: Called Strike
0-1: Ball
1-1: Ball
2-1: Ball
3-1: Called Strike
3-2: Fly out, F9 (Flyball, 9LS, EV 78.8 MPH)
Batting: RHB Trent Palfrey 0-0: Ball
1-0: Swinging Strike
1-1: Ball
2-1: Ball
Jair Durtnell steals 2nd base
3-1: Base on Balls
Batting: LHB Tristen Anslow 0-0: Foul Ball, location: 2F
0-1: Swinging Strike
0-2: Ball
1-2: Ball
2-2: Foul Ball, location: 3DF
2-2: Foul Ball, location: 3F
2-2: Ball
3-2: Strikes out looking
Bottom of the 6th over - 2 runs, 2 hits, 0 errors, 2 left on base; Randwick 2 - Erskineville 8
TOP OF THE 7TH
Randwick Green Sox batting - Pitching for Erskineville Pirates : LHP Bobbie Quarles
Batting: RHB Pete Sherrell 0-0: Ball
1-0: Ball
2-0: Ball
3-0: Called Strike
3-1: Ground out 5-3 (Groundball, 56S, EV 84.4 MPH)
Batting: LHB Tony Tassell 0-0: Fly out, F8 (Flyball, 8RM, EV 86.9 MPH)
Batting: RHB Keefe Lucking 0-0: Ball
1-0: Called Strike
1-1: Called Strike
1-2: Foul Ball, location: 9LMF
1-2: Foul Ball, location: 9LSF
1-2: Strikes out swinging
Top of the 7th over - 0 runs, 0 hits, 0 errors, 0 left on base; Randwick 2 - Erskineville 8
BOTTOM OF THE 7TH
Erskineville Pirates batting - Pitching for Randwick Green Sox : RHP Keith Gwilt
Pitching: RHP Billy Catlow
Batting: RHB Orval Cash 0-0: Ball
1-0: Ball
2-0: Ball
3-0: Called Strike
3-1: Base on Balls
Batting: RHB Bernard Theyer 0-0: Ball
1-0: Foul Ball, location: 9LDF
1-1: Foul Ball, location: 9LMF
1-2: Ball
2-2: Ball
3-2: Base on Balls
Orval Cash to second
Batting: RHB J.C. Excell 0-0: Ball
1-0: Fly out, F7 (Flyball, 7, EV 95.0 MPH)
Batting: LHB Kade Tregear 0-0: Ball
1-0: Called Strike
1-1: Called Strike
1-2: Strikes out swinging
Batting: RHB Phil Rutgers 0-0: Ball
1-0: Called Strike
1-1: Ground out 5-3 (Groundball, 56S, EV 101.3 MPH)
Bottom of the 7th over - 0 runs, 0 hits, 0 errors, 2 left on base; Randwick 2 - Erskineville 8
TOP OF THE 8TH
Randwick Green Sox batting - Pitching for Erskineville Pirates : LHP Bobbie Quarles
Pitching: RHP Alan Gillett
Batting: LHB Colin Firman 0-0: Ball
1-0: Foul Ball, location: 2F
1-1: Foul Ball, location: 3FF
1-2: Ball
2-2: Strikes out looking
Batting: LHB Rodger Curnow 0-0: Called Strike
0-1: Ball
1-1: Called Strike
1-2: Foul Ball, location: 2F
1-2: Ball
2-2: SINGLE (Groundball, P, EV 88.1 MPH) (infield hit)
Batting: RHB Luke Morgan 0-0: Ball
1-0: Ball
2-0: Foul Ball, location: 2F
2-1: Fly out, F8 (Line Drive, 78D, EV 88.8 MPH)
Batting: RHB Bob Ghey 0-0: Ball
1-0: Fielders Choice at 2nd, 6-4 (Groundball, 6, EV 100.0 MPH)
Top of the 8th over - 0 runs, 1 hit, 0 errors, 1 left on base; Randwick 2 - Erskineville 8
BOTTOM OF THE 8TH
Erskineville Pirates batting - Pitching for Randwick Green Sox : RHP Billy Catlow
Batting: RHB Jair Durtnell 0-0: Ball
1-0: Fly out, F8 (Flyball, 89D, EV 103.1 MPH)
Batting: LHB Ken Pym 0-0: SOLO HOME RUN (Flyball, 89XD, EV 98.8 MPH), Distance : 388 ft
Batting: RHB Trent Palfrey 0-0: Ball
1-0: Ball
2-0: Ground out 5-3 (Groundball, 56, EV 100.6 MPH)
Batting: LHB Tristen Anslow 0-0: Ball
1-0: Ball
2-0: Ball
3-0: Base on Balls
Batting: RHB Orval Cash 0-0: Fly out, F9 (Flyball, 89M, EV 80.0 MPH)
Bottom of the 8th over - 1 run, 1 hit, 0 errors, 1 left on base; Randwick 2 - Erskineville 9
TOP OF THE 9TH
Randwick Green Sox batting - Pitching for Erskineville Pirates : RHP Alan Gillett
Batting: RHB Derik Fahey 0-0: Foul Ball, location: 9LDF
0-1: Ball
1-1: SINGLE (Groundball, 34D, EV 106.3 MPH)
Batting: LHB Bob Gurney 0-0: Called Strike
0-1: Grounds into double play, 6-4-3 (Groundball, 6, EV 101.9 MPH)
Batting: RHB Pete Sherrell 0-0: Foul Ball, location: 5FF
0-1: Ball
1-1: Ball
2-1: Ball
3-1: Base on Balls
Batting: LHB Tony Tassell 0-0: Ball
1-0: Foul Ball, location: 5DF
1-1: Called Strike
1-2: Strikes out swinging
Top of the 9th over - 0 runs, 1 hit, 0 errors, 1 left on base; Randwick 2 - Erskineville 9
Saturday, May 4th , 2024 - OOTP Baseball 24.9 Build 80